SNL (28 & UNDER)
SALEM SILVER SOULS @ KEY WEST BARRACUDAS
08/04/2027
 
TOP OF THE 1ST
Salem Silver Souls batting - Pitching for Key West Barracudas : RHP Chris Jones
Pitching: RHP Chris Jones
Batting: SHB Tony Yan 0-0: Called Strike
0-1: Called Strike
0-2: Ball
1-2: Foul Ball, location: 2F
1-2: Foul Ball, location: 2F
1-2: Ball
2-2: Strikes out swinging
Batting: SHB Jesús Sosa 0-0: Ground out 4-3 (Groundball, 4)
Batting: LHB Ezechiele Bruno 0-0: Foul Ball, location: 2F
0-1: Fly out, F7 (Flyball, 7)
Top of the 1st over - 0 run(s), 0 hit(s), 0 error(s), 0 left on base; Salem 0 - Key West 0
BOTTOM OF THE 1ST
Key West Barracudas batting - Pitching for Salem Silver Souls : RHP António Rodríguez
Pitching: RHP António Rodríguez
Batting: SHB Rodney Birling 0-0: Called Strike
0-1: Foul Ball, location: 2F
0-2: Ball
1-2: Ball
2-2: Ball
3-2: SINGLE (Line Drive, 4MD)
Batting: RHB Chris Adams 0-0: Ball
1-0: Called Strike
1-1: Ball
2-1: Foul Ball, location: 2F
2-2: Strikes out looking
Batting: SHB Cory Campbell 0-0: Ball
1-0: Foul Ball, location: 2F
1-1: Ball
2-1: Ball
3-1: Called Strike
3-2: SINGLE (Line Drive, 78S)
Rodney Birling to second
Batting: LHB Domingo Ledesma 0-0: Called Strike
0-1: Ball
1-1: Ball
2-1: Fielders Choice at 2nd, 3-6 (Groundball, 34)
Rodney Birling to third
Batting: LHB Daniel Byrd 0-0: Called Strike
0-1: Ball
1-1: Ball
2-1: SINGLE (Groundball, 6MD)
Rodney Birling scores
Domingo Ledesma to second
Batting: LHB Víctor Acevedo 0-0: Called Strike
0-1: Ball
1-1: Ball
2-1: Swinging Strike
2-2: Strikes out looking
Bottom of the 1st over - 1 run(s), 3 hit(s), 0 error(s), 2 left on base; Salem 0 - Key West 1
TOP OF THE 2ND
Salem Silver Souls batting - Pitching for Key West Barracudas : RHP Chris Jones
Batting: LHB Nick Scott 0-0: Called Strike
0-1: Ball
1-1: Swinging Strike
1-2: Ball
2-2: Strikes out looking
Batting: RHB Gustavo Pagán 0-0: Ball
1-0: Fly out, F8 (Flyball, 8RD)
Batting: RHB Brian Dixon 0-0: Fly out, F7 (Line Drive, 7S)
Top of the 2nd over - 0 run(s), 0 hit(s), 0 error(s), 0 left on base; Salem 0 - Key West 1
BOTTOM OF THE 2ND
Key West Barracudas batting - Pitching for Salem Silver Souls : RHP António Rodríguez
Batting: RHB Carlos Miranda 0-0: Ball
1-0: SINGLE (Line Drive, 9LM)
Batting: RHB Dan Craft 0-0: Grounds into double play, 5-4-3 (Groundball, 5L)
Batting: LHB Motoki Hirata 0-0: Called Strike
0-1: Ball
1-1: SINGLE (Line Drive, 7S)
Batting: SHB Rodney Birling 0-0: Called Strike
0-1: Ball
1-1: Foul Ball, location: 2F
1-2: Ball
2-2: Ground out 4-3 (Groundball, 4)
Bottom of the 2nd over - 0 run(s), 2 hit(s), 0 error(s), 1 left on base; Salem 0 - Key West 1
TOP OF THE 3RD
Salem Silver Souls batting - Pitching for Key West Barracudas : RHP Chris Jones
Batting: RHB Augusto Baiano 0-0: Foul Ball, location: 2F
0-1: Fly out, F2 (Popup, 25)
Batting: LHB Lyle Wilson 0-0: Called Strike
0-1: Ball
1-1: Ball
2-1: Called Strike
2-2: Ball
3-2: Base on Balls
Batting: RHB Jack Snyder 0-0: Foul Ball, location: 2F
0-1: Swinging Strike
0-2: Ball
1-2: Fly out, F8 (Flyball, 8RS)
Batting: SHB Tony Yan 0-0: Fielders Choice at 2nd, 4-6 (Groundball, 4)
Top of the 3rd over - 0 run(s), 0 hit(s), 0 error(s), 0 left on base; Salem 0 - Key West 1
BOTTOM OF THE 3RD
Key West Barracudas batting - Pitching for Salem Silver Souls : RHP António Rodríguez
Batting: RHB Chris Adams 0-0: Called Strike
0-1: Ball
1-1: Ball
2-1: Swinging Strike
2-2: Strikes out swinging
Batting: SHB Cory Campbell 0-0: Called Strike
0-1: SINGLE (Flyball, 78S)
Batting: LHB Domingo Ledesma 0-0: Ball
Throwing error on steal attempt, E2
Cory Campbell to third
1-0: DOUBLE (Line Drive, 9D)
Cory Campbell scores
Batting: LHB Daniel Byrd 0-0: Ball
1-0: Swinging Strike
1-1: Ball
2-1: SINGLE (Groundball, 4) (infield hit)
Domingo Ledesma to third
Batting: LHB Víctor Acevedo 0-0: Ball
1-0: Called Strike
1-1: Ball
2-1: Ball
3-1: Base on Balls
Daniel Byrd to second
Batting: RHB Carlos Miranda 0-0: Called Strike
0-1: Ball
1-1: Foul Ball, location: 2F
1-2: Strikes out swinging
Batting: RHB Dan Craft 0-0: Called Strike
0-1: Ball
1-1: Foul Ball, location: 2F
1-2: Foul Ball, location: 2F
1-2: Fielders Choice at 2nd, 6-4 (Groundball, 6)
Bottom of the 3rd over - 1 run(s), 3 hit(s), 1 error(s), 2 left on base; Salem 0 - Key West 2
TOP OF THE 4TH
Salem Silver Souls batting - Pitching for Key West Barracudas : RHP Chris Jones
Batting: SHB Jesús Sosa 0-0: SINGLE (Line Drive, 9S)
Batting: LHB Ezechiele Bruno 0-0: Ball
1-0: Ball
2-0: Called Strike
2-1: Fly out, F6 (Popup, 6MD)
Batting: LHB Nick Scott 0-0: Called Strike
0-1: Ball
1-1: Ball
2-1: Called Strike
2-2: Foul Ball, location: 2F
2-2: Ball
3-2: Fly out, F6 (Popup, 6)
Batting: RHB Gustavo Pagán 0-0: SINGLE (Line Drive, 6MD)
Jesús Sosa to second
Runner from 2nd tries for 3rd, SAFE, no throw
Batting: RHB Brian Dixon 0-0: Called Strike
0-1: Ball
1-1: Foul Ball, location: 2F
1-2: Ball
2-2: Ball
3-2: Ground out 5-3 (Groundball, 56)
Top of the 4th over - 0 run(s), 2 hit(s), 0 error(s), 2 left on base; Salem 0 - Key West 2
BOTTOM OF THE 4TH
Key West Barracudas batting - Pitching for Salem Silver Souls : RHP António Rodríguez
Batting: LHB Motoki Hirata 0-0: Ball
1-0: SINGLE (Groundball, 4M) (infield hit)
Pitching: RHP Dave Williams
Batting: SHB Rodney Birling 0-0: Ball
Motoki Hirata is caught stealing 2nd base
1-0: DOUBLE (Line Drive, 78M)
Batting: RHB Chris Adams 0-0: Ball
1-0: Ball
2-0: Fly out, F7 (Line Drive, 78M)
Batting: SHB Cory Campbell 0-0: Ball
1-0: Foul Ball, location: 2F
1-1: Ball
2-1: Foul Ball, location: 2F
2-2: Ball
3-2: Base on Balls
Batting: LHB Domingo Ledesma 0-0: Ball
1-0: Ball
2-0: Ball
3-0: Called Strike
3-1: Called Strike
3-2: Foul Ball, location: 2F
3-2: Foul Ball, location: 2F
3-2: Foul Ball, location: 2F
3-2: Foul Ball, location: 2F
3-2: Base on Balls
Rodney Birling to third
Cory Campbell to second
Batting: LHB Daniel Byrd 0-0: Ball
1-0: Ball
2-0: Swinging Strike
2-1: Foul Ball, location: 2F
2-2: Strikes out swinging
Bottom of the 4th over - 0 run(s), 2 hit(s), 0 error(s), 3 left on base; Salem 0 - Key West 2
TOP OF THE 5TH
Salem Silver Souls batting - Pitching for Key West Barracudas : RHP Chris Jones
Batting: RHB Augusto Baiano 0-0: Called Strike
0-1: Ground out 5-3 (Groundball, 56S)
Batting: LHB Lyle Wilson 0-0: Foul Ball, location: 2F
0-1: Ball
1-1: Ball
2-1: Foul Ball, location: 2F
2-2: SINGLE (Groundball, 6MD)
Batting: RHB Jack Snyder 0-0: Ball
1-0: Ball
2-0: Ball
3-0: Called Strike
3-1: Foul Ball, location: 2F
3-2: SINGLE (Line Drive, 56)
Lyle Wilson to second
Lyle Wilson to third
Pitching: RHP Sean Harden
Batting: SHB Tony Yan 0-0: Ball
1-0: Fielders Choice at 2nd, 4-6 (Groundball, 4)
Lyle Wilson scores
Batting: SHB Jesús Sosa 0-0: Ball
1-0: Called Strike
1-1: Swinging Strike
1-2: Foul Ball, location: 2F
1-2: Strikes out swinging
Top of the 5th over - 1 run(s), 2 hit(s), 0 error(s), 1 left on base; Salem 1 - Key West 2
BOTTOM OF THE 5TH
Key West Barracudas batting - Pitching for Salem Silver Souls : RHP Dave Williams
Batting: LHB Víctor Acevedo 0-0: Swinging Strike
0-1: Called Strike
0-2: Strikes out swinging
Batting: RHB Carlos Miranda 0-0: Fly out, F9 (Flyball, 9S)
Batting: RHB Dan Craft 0-0: Foul Ball, location: 2F
0-1: Called Strike
0-2: Ball
1-2: Ball
2-2: Foul Ball, location: 2F
2-2: Foul Ball, location: 2F
2-2: Ball
3-2: Foul Ball, location: 2F
3-2: SINGLE (Line Drive, 3L)
Batting: LHB Motoki Hirata 0-0: Ball
1-0: Ball
2-0: Ball
3-0: Base on Balls
Dan Craft to second
Batting: SHB Rodney Birling 0-0: Ball
1-0: Ground out 1-3 (Groundball, 13)
Bottom of the 5th over - 0 run(s), 1 hit(s), 0 error(s), 2 left on base; Salem 1 - Key West 2
TOP OF THE 6TH
Salem Silver Souls batting - Pitching for Key West Barracudas : RHP Sean Harden
Batting: LHB Ezechiele Bruno 0-0: Ball
1-0: Swinging Strike
1-1: Called Strike
1-2: Strikes out swinging
Batting: LHB Nick Scott 0-0: Foul Ball, location: 2F
0-1: Foul Ball, location: 2F
0-2: Ball
1-2: Strikes out looking
Batting: RHB Gustavo Pagán 0-0: Foul Ball, location: 2F
0-1: Ball
1-1: Called Strike
1-2: Strikes out swinging
Top of the 6th over - 0 run(s), 0 hit(s), 0 error(s), 0 left on base; Salem 1 - Key West 2
BOTTOM OF THE 6TH
Key West Barracudas batting - Pitching for Salem Silver Souls : RHP Dave Williams
Batting: RHB Chris Adams 0-0: Swinging Strike
0-1: SINGLE (Line Drive, 89M)
Batting: SHB Cory Campbell 0-0: Called Strike
0-1: Ball
1-1: Ball
2-1: Foul Ball, location: 2F
2-2: Ball
3-2: Foul Ball, location: 2F
3-2: Base on Balls
Chris Adams to second
Batting: LHB Domingo Ledesma 0-0: Ball
1-0: DOUBLE (Line Drive, 3D)
Chris Adams scores
Cory Campbell to third
Batting: LHB Daniel Byrd 0-0: Intentional Walk
Batting: LHB Víctor Acevedo 0-0: Foul Ball, location: 2F
0-1: Ball
1-1: Fly out, F8 (Flyball, 8RM)
Runner from 3rd tags up, SCORES, no throw
Pitching: RHP Mario Navarro
Batting: RHB Carlos Miranda 0-0: Ball
1-0: Swinging Strike
1-1: SINGLE (Line Drive, 8RS)
Domingo Ledesma to third
Daniel Byrd to second
Runner from 3rd tries for Home, SAFE, no throw
Batting: RHB Dan Craft 0-0: Ball
1-0: Foul Ball, location: 2F
1-1: Fielders Choice at 2nd, 4-6 (Groundball, 4)
Daniel Byrd to third
Batting: LHB Motoki Hirata 0-0: Ball
1-0: Called Strike
1-1: Called Strike
1-2: Fly out, F8 (Flyball, 78M)
Bottom of the 6th over - 3 run(s), 3 hit(s), 0 error(s), 2 left on base; Salem 1 - Key West 5
TOP OF THE 7TH
Salem Silver Souls batting - Pitching for Key West Barracudas : RHP Sean Harden
Batting: RHB Brian Dixon 0-0: Ball
1-0: Called Strike
1-1: Swinging Strike
1-2: Ball
2-2: Ball
3-2: Strikes out swinging
Batting: RHB Augusto Baiano 0-0: Swinging Strike
0-1: Swinging Strike
0-2: Ball
1-2: Ball
2-2: Foul Ball, location: 2F
2-2: SINGLE (Groundball, 4M) (infield hit)
Pitching: RHP George Bennion
Batting: LHB Lyle Wilson 0-0: Ball
1-0: Grounds into double play, 6-4-3 (Groundball, 6)
Top of the 7th over - 0 run(s), 1 hit(s), 0 error(s), 0 left on base; Salem 1 - Key West 5
BOTTOM OF THE 7TH
Key West Barracudas batting - Pitching for Salem Silver Souls : RHP Mario Navarro
Batting: SHB Rodney Birling 0-0: Ball
1-0: Called Strike
1-1: Ball
2-1: Ball
3-1: Called Strike
3-2: Foul Ball, location: 2F
3-2: Base on Balls
Batting: RHB Chris Adams 0-0: Bunted foul
0-1: Bunted foul
0-2: Ball
1-2: Ball
2-2: Foul Ball, location: 2F
2-2: Strikes out swinging
Batting: SHB Cory Campbell 0-0: Swinging Strike
0-1: Ball
1-1: Ball
2-1: Fly out, F8 (Flyball, 8LS)
Batting: LHB Domingo Ledesma 0-0: Ball
1-0: Swinging Strike
1-1: Called Strike
1-2: Ball
2-2: Fielders Choice at 2nd, 4-6 (Groundball, 4)
Bottom of the 7th over - 0 run(s), 0 hit(s), 0 error(s), 0 left on base; Salem 1 - Key West 5
TOP OF THE 8TH
Salem Silver Souls batting - Pitching for Key West Barracudas : RHP George Bennion
Batting: RHB Jack Snyder 0-0: Called Strike
0-1: Called Strike
0-2: Foul Ball, location: 2F
0-2: Foul Ball, location: 2F
0-2: Fly out, F8 (Flyball, 8RD)
Batting: SHB Tony Yan 0-0: Foul Ball, location: 2F
0-1: Fly out, F7 (Flyball, 7S)
Batting: SHB Jesús Sosa 0-0: Ground out 5-3 (Groundball, 56)
Top of the 8th over - 0 run(s), 0 hit(s), 0 error(s), 0 left on base; Salem 1 - Key West 5
BOTTOM OF THE 8TH
Key West Barracudas batting - Pitching for Salem Silver Souls : RHP Mario Navarro
Batting: LHB Daniel Byrd 0-0: Ball
1-0: Called Strike
1-1: Ground out U3 (Groundball, 34S)
Batting: LHB Víctor Acevedo 0-0: Called Strike
0-1: Ball
1-1: Ball
2-1: Ground out 4-3 (Groundball, 4M)
Batting: RHB Carlos Miranda 0-0: Foul Ball, location: 2F
0-1: Fly out, F4 (Line Drive, 4)
Bottom of the 8th over - 0 run(s), 0 hit(s), 0 error(s), 0 left on base; Salem 1 - Key West 5
TOP OF THE 9TH
Salem Silver Souls batting - Pitching for Key West Barracudas : RHP George Bennion
Batting: LHB Ezechiele Bruno 0-0: Fly out, F7 (Flyball, 7)
Batting: LHB Nick Scott 0-0: Ball
1-0: Ball
2-0: Ball
3-0: Base on Balls
Batting: RHB Gustavo Pagán 0-0: Called Strike
0-1: Ball
1-1: Ball
2-1: SINGLE (Groundball, 23) (infield hit)
Nick Scott to second
Pitching: RHP Dennis Grange
Batting: RHB Brian Dixon 0-0: Called Strike
0-1: Swinging Strike
0-2: Foul Ball, location: 2F
0-2: Foul Ball, location: 2F
0-2: Strikes out swinging
Batting: RHB Augusto Baiano 0-0: Swinging Strike
0-1: Called Strike
0-2: Ball
1-2: SINGLE (Groundball, 56) (infield hit)
Nick Scott to third
Gustavo Pagán to second
Pinch Hitting: LHB Chance Santry 0-0: Ball
1-0: Ball
2-0: Ball
3-0: Base on Balls
Nick Scott scores
Gustavo Pagán to third
Augusto Baiano to second
Batting: RHB Jack Snyder 0-0: Called Strike
0-1: Fly out, F8 (Flyball, 78M)
Top of the 9th over - 1 run(s), 2 hit(s), 0 error(s), 3 left on base; Salem 2 - Key West 5
Thursday, March 30th, 2017 - OOTP Baseball 17.12 Build 75